 Dungeon Crawl Stone Soup version 0.31-a0-216-g22e908daa7 (webtiles) character file.

Game seed: 3274293996846321607

88 qw the Shooter (level 4, -1/26 HPs)
             Began as a Gargoyle Hexslinger on July 1, 2023.
             Slain by an orc
             ... wielding a +0 club
              (3 damage)
             ... on level 3 of the Dungeon.
             The game lasted 00:00:38 (1493 turns).

qw the Shooter (Gargoyle Hexslinger)                Turns: 1493, Time: 00:00:39

Health: -1/26      AC:  8    Str: 12    XL:     4   Next: 54%
Magic:  5/5        EV: 10    Int: 13    God:
Gold:   146        SH:  0    Dex: 14    Spells: 4/5 levels left

rFire   . . .        Y - +1 sling
rCold   . . .        (no shield)
rNeg    + . .        e - +0 ring mail
rPois   inf          (no helmet)
rElec   +            (no cloak)
rCorr   .            (no gloves)
SInv    .            (no boots)
Will    .....        (no amulet)
Stlth   +            (no ring)
HPRegen 0.24/turn    (no ring)
MPRegen 0.09/turn

%: no passive effects
@: no status effects
A: sickness immunity, AC +3, negative energy resistance 1, electricity
resistance, torment resistance 1, petrification resistance
a: no special abilities


You were on level 3 of the Dungeon.
You visited 1 branch of the dungeon, and saw 3 of its levels.

You collected 146 gold pieces.


Innate Abilities, Weirdness & Mutations

You are immune to sickness and miasma.
Your stone body is resilient. (AC +3)
You are immune to poison.
You resist negative energy. (rN+)
You are resistant to electric shocks. (rElec)
You are resistant to unholy torment.
You are immune to petrification.


   Skills:
 - Level 2.0 Fighting
 + Level 4.0 Ranged Weapons
 - Level 1.3 Armour
 - Level 1.5 Dodging
 - Level 1.0 Spellcasting
 - Level 2.6 Hexes


You had 4 spell levels left.
You knew the following spells:

 Your Spells              Type           Power      Damage    Failure   Level
a - Slow                  Hex            28%        N/A       21%         1

Your spell library contained the following spells:

 Spells                   Type           Power      Damage    Failure   Level
 Inner Flame              Hex/Fire       4%         N/A       71%         3
 Portal Projectile        Hex/Tloc       8%         N/A       71%         3
 Cause Fear               Hex            3%         N/A       90%         4

Inventory:

Hand Weapons
 Y - a +1 sling (weapon)
Armour
 e - a +0 ring mail (worn)
Scrolls
 a - a scroll of vulnerability {unknown}
 j - 3 scrolls of identify
Potions
 b - a potion of brilliance {unknown}
 c - 2 potions of heal wounds {unknown}
 d - 2 potions of curing
 f - a potion of might {unknown}
 g - a potion of lignification {unknown}
 i - a potion of mutation {unknown}

Dungeon Overview and Level Annotations

Branches:
Dungeon (3/15)

Altars:


Message History

The orc hits you but does no damage. The orc closely misses you. x2
The orc barely misses you. The orc hits you but does no damage.
The orc barely misses you.
You shoot a sling bullet. The sling bullet barely misses the orc.
The orc hits you but does no damage. x2
The orc wizard casts a spell.
The orc wizard flickers and vanishes!
Deactivating autopickup; reactivate with Ctrl-A.
The orc barely misses you.
You shoot a sling bullet.
The sling bullet closely misses the orc.
The orc barely misses you. The orc hits you with a +0 falchion.
The orc barely misses you.
You shoot a sling bullet. The sling bullet hits the orc.
The orc is lightly wounded.
The orc barely misses you. The orc closely misses you.
The orc hits you with a +0 club. The orc hits you but does no damage.
The orc hits you with a +0 falchion. The orc hits you but does no damage.
You shoot a sling bullet. The sling bullet hits the orc.
You kill the orc!
The orc hits you but does no damage.
You shoot a sling bullet.
The sling bullet hits the orc but does no damage.
The orc closely misses you. The orc hits you with a +0 club.
You shoot a sling bullet. The sling bullet hits the orc.
The orc is lightly wounded.
You shoot a sling bullet. The sling bullet hits the orc.
The orc is moderately wounded.
The orc hits you but does no damage. Something completely misses you.
You shoot a sling bullet. The sling bullet barely misses the orc.
The orc hits you with a +0 short sword. Something hits you.
The orc closely misses you.
You shoot a sling bullet. The sling bullet barely misses the orc.
The orc hits you with a +0 short sword. Something hits you.
The orc barely misses you.
You shoot a sling bullet.
The sling bullet closely misses the orc.
The orc misses you. Something hits you but does no damage.
The orc hits you with a +0 club.
You die...

...##.#..##.##...........#
..[...#.................).
...#..#..##.##...........#
...#..).....######...#####
.........#### ##.#.#
####.###.# ####.###.## .#
# #?....# ..# .
#.#.##..#.# # #@o...#.#
#.o##.# .o...!. .##..#.##
#. ... .. . .... ## ..
#...$ .. ....#


You could see 3 orcs.

Vanquished Creatures
  4 adders
  A worm (D:2)
  A dart slug (D:1)
  2 orcs (D:3)
  4 bats
  6 endoplasms
  A giant cockroach (D:1)
  5 goblins
  3 hobgoblins
  4 jackals (D:1)
  3 quokkas
  3 ball pythons
  4 frilled lizards
  2 kobolds
  A rat (D:1)
44 creatures vanquished.

Notes
Turn   | Place    | Note
-------+----------+-------------------------------------------
     0 | D:1      | qw the Gargoyle Hexslinger began the quest for the Orb.
     0 | D:1      | Reached XP level 1. HP: 12/12 MP: 2/2
     0 | D:1      | 0 ||| qw: Version: 0.3-a-35-g05ef00e
     0 | D:1      | 0 ||| qw: Game counter: 7725
     0 | D:1      | 0 ||| qw: Melee chars always use a shield: true
     0 | D:1      | 0 ||| qw: God list: Okawaru
     0 | D:1      | 0 ||| qw: Allow faded altars: false
     0 | D:1      | 0 ||| qw: Do Orc after clearing Dungeon:15 true
     0 | D:1      | 0 ||| qw: Do second Lair branch before Depths: true
     0 | D:1      | 0 ||| qw: Lair rune preference: random
     0 | D:1      | 0 ||| qw: Goals: Normal
     0 | D:1      | 0 ||| PLANNING D:1-11
    72 | D:1      | You fall into a shaft and drop 1 floor!
    79 | D:2      | Reached skill level 3 in Ranged Weapons
    79 | D:2      | Reached XP level 2. HP: 16/16 MP: 3/3
    95 | D:2      | Reached XP level 3. HP: 6/21 MP: 4/4
   196 | D:2      | 196 ||| UPGRADING to +0 ring mail.
   249 | D:2      | 249 ||| DROPPING +0 robe.
   250 | D:2      | 250 ||| READING scroll labelled HATTAC EBBIOSKA.
   251 | D:2      | 251 ||| DROPPING scroll of poison.
   766 | D:1      | Found a faded altar of an unknown god.
   810 | D:1      | 810 ||| READING scroll labelled DAH ZIKYBATA.
   824 | D:1      | 824 ||| READING scroll labelled SUERANTI YRUZO.
   825 | D:1      | 825 ||| READING scroll labelled NACSASIPHE.
   826 | D:1      | 826 ||| DRINKING 2 brown potions.
   832 | D:2      | 832 ||| STAIRDANCE
  1181 | D:2      | Reached XP level 4. HP: 26/26 MP: 5/5
  1187 | D:2      | Reached skill level 4 in Ranged Weapons
  1242 | D:2      | 1242 ||| READING scroll labelled GAPNOL PESI.
  1243 | D:2      | 1243 ||| READING scroll labelled JOAFAFF QYCLUN.
  1483 | D:3      | Reached skill level 1 in Armour
  1491 | D:3      | HP: 6/26 [something (1)]
  1492 | D:3      | HP: 2/26 [something (1)]
  1493 | D:3      | Slain by an orc

Levels and vault maps discovered:
D:1:      roderic_crossed_star, layout_basic,
          shapermc_ecumenical_altar_mp_vishouse, serial_park_tiny_1
D:2:      layout_rooms
D:3:      layout_loops_cross, nicolae_overflow_ecumenical_swirl,
          corexii_leaking_fountain

Skill      XL: |  1  2  3  4 |
---------------+-------------+-----
Ranged Weapons | 3 4 |  4.0
Fighting       | 2 |  2.0
Armour         | 1 |  1.3
Dodging        | |  1.5
Spellcasting   | |  1.0
Hexes          | |  2.6

Action                     |  1- 3 |  4- 6 || total
---------------------------+-------+-------++-------
   Fire: Sling             |   111 |    49 ||   160
    Use: Scroll            |     4 |     2 ||     6
         Potion            |     1 |       ||     1
 Armour: Robe              |    16 |       ||    16
         Ring mail         |    35 |    21 ||    56
  Dodge: Dodged            |    51 |    34 ||    85

Table legend:
 A = Non-vault XP
 B = Vault XP
 C = Vault XP percentage of total XP
 D = Non-vault monster count
 E = Vault monster count
 F = Vault count percentage of total count
                 A         B        C        D         E       F
            +---------+---------+-------+---------+---------+-------
      Total |     127 |       0 |   0.0 |      44 |       0 |   0.0
            +---------+---------+-------+---------+---------+-------
        D:1 |      30 |       0 |   0.0 |      17 |       0 |   0.0
        D:2 |      66 |       0 |   0.0 |      17 |       0 |   0.0
        D:3 |      31 |       0 |   0.0 |      10 |       0 |   0.0
            +---------+---------+-------+---------+---------+-------
